 Dungeon Crawl Stone Soup version 0.27-a0-887-gcab673c142 (webtiles) character file.

Game seed: 4552633952641255838

51 Alarkh the Insei (level 3, -1/27 (28) HPs)
             Began as a Demonspawn Gladiator on Apr 4, 2021.
             Slain by an orc
             ... wielding a +1 mace of draining
              (5 damage)
             ... on level 3 of the Dungeon.
             The game lasted 00:01:06 (2094 turns).

Alarkh the Insei (Demonspawn Gladiator)             Turns: 2094, Time: 00:01:07

HP:   -1/27 (28)    AC:  4    Str: 11 (14) XL:     3   Next: 57%
MP:   3/3           EV: 12    Int:  7 (10) God:
Gold: 71            SH:  0    Dex: 12 (14) Spells: 2/2 levels left

rFire    + . .     SeeInvis .     - Unarmed
rCold    + . .     Faith    .   (no shield)
rNeg     . . .     Spirit   .   a - +0 leather armour
rPois    +         Reflect  .   b - +0 helmet
rElec    +         Harm     .   (no cloak)
rCorr    +         Rampage  .   (no gloves)
Will     .....                  (no boots)
Stlth    +.........             (no amulet)
HPRegen  0.09/turn              (no ring)
MPRegen  0.08/turn              (no ring)

@: resistant, hasted, lightly drained, very quick
A: claws 1, spiny 1
a: no special abilities


You were on level 3 of the Dungeon.
You visited 1 branch of the dungeon, and saw 3 of its levels.

You collected 71 gold pieces.

Inventory:

Missiles
 c - 3 throwing nets (quivered)
 j - 3 boomerangs of dispersal
Armour
 a - a +0 leather armour (worn)
 b - a +0 helmet (worn)
Scrolls
 d - 2 scrolls of summoning {unknown}
 e - 3 scrolls of identify {unknown}
 h - a scroll of torment {unknown}
 i - a scroll of enchant weapon {unknown}
 k - a scroll of amnesia {unknown}


   Skills:
 + Level 2.7 Fighting
 - Level 1.7 Throwing
 - Level 2.6 Dodging
 * Level 3.8 Unarmed Combat


You had 2 spell levels left.
You didn't know any spells.
Your spell library contained the following spells:

 Spells                   Type           Power      Damage    Failure   Level
 Animate Skeleton         Necr           0%         N/A       52%         1
 Apportation              Tloc           0%         N/A       52%         1
 Corona                   Hex            0%         N/A       52%         1
 Summon Small Mammal      Summ           0%         N/A       52%         1


Dungeon Overview and Level Annotations

Branches:
Dungeon (3/15)

Altars:
Yredelemnul


Innate Abilities, Weirdness & Mutations

You have sharp fingernails.
You are partially covered in sharp spines.


Message History

The kobold throws a stone.
The stone completely misses you.
The orc shouts!
An orc comes into view. It is wielding a +0 dagger.
The orc shouts!
The orc priest misses you.
Found 13 gold pieces.
You closely miss the orc priest. The orc priest closely misses you.
You scratch the orc priest.
The orc priest is lightly wounded.
The orc priest invokes the aid of Beogh against you.
Beogh smites you! The kobold is struck by your spines.
You kill the kobold!
You scratch the orc priest.
The orc priest is moderately wounded.
You scratch the orc but do no damage. The orc barely misses you.
You scratch the orc but do no damage.
The orc hits you with a +1 mace of draining.
You feel drained.
* * * LOW HITPOINT WARNING * * *
The orc hits you with a +0 falchion.
* * * LOW HITPOINT WARNING * * *
You are too injured to fight recklessly!
Unknown command.
It was a potion of degeneration.
There was something very wrong with that liquid.
You feel weakened.
You feel dopey.
You feel clumsy. The orc is struck by your spines. The orc barely misses you.
The orc is struck by your spines. The orc closely misses you.
The orc priest is struck by your spines.
The orc priest closely misses you. The orc completely misses you.
It was a potion of haste.
You feel yourself speed up. The orc is struck by your spines.
The orc barely misses you. The orc is struck by your spines.
The orc closely misses you. The orc barely misses you.
The orc priest hits you with a +0 dagger.
* * * LOW HITPOINT WARNING * * *
It was a potion of resistance.
You feel protected.
The orc hits you with a +1 mace of draining.
You die...

#......# #. #......# .
#. #......# ..#..
#......# .....
####......########
$.....+..'......'.......
###...##+#......########
......o.........#
......o@...........
......oo...........
...................
##..............########
#..............+......#
#..............######.#
###.................#.#
#..##.............#.# #.
#.............#..


You could see an orc priest and 3 orcs.

Vanquished Creatures
  An adder (D:2)
  A dart slug (D:1)
  A ball python (D:1)
  6 endoplasms
  A giant cockroach (D:3)
  2 goblins (D:2)
  3 hobgoblins (D:1)
  5 jackals
  4 kobolds
  2 quokkas
  A bat (D:2)
  2 frilled lizards
  8 rats
37 creatures vanquished.

Notes
Turn   | Place    | Note
-------+----------+-------------------------------------------
     0 | D:1      | Alarkh the Demonspawn Gladiator began the quest for the
                  | Orb.
     0 | D:1      | Reached XP level 1. HP: 16/16 MP: 1/1
   212 | D:1      | Reached skill level 3 in Unarmed Combat
   272 | D:1      | Gained mutation: You are partially covered in sharp spines.
                  | [demonic ancestry]
   272 | D:1      | Reached XP level 2. HP: 11/22 MP: 2/2
  1098 | D:1      | Found a faded altar of an unknown god.
  1396 | D:2      | Gained mutation: You have sharp fingernails. [demonic
                  | ancestry]
  1396 | D:2      | Reached XP level 3. HP: 28/28 MP: 3/3
  1612 | D:2      | Found a basalt altar of Yredelemnul.
  2094 | D:3      | Slain by an orc

Illustrated notes

Levels and vault maps discovered:
D:1:      nicolae_arrival_somewhat_less_tricky_arrival, layout_basic,
          chequers_ecumenical_altar_lobes, minmay_distorted
D:2:      layout_loops_cross, basic_altar
D:3:      layout_basic

Skill      XL: |  1 |
---------------+----+-----
Unarmed Combat | 3 |  3.8
Fighting       | |  2.7
Throwing       | |  1.7
Dodging        | |  2.6

Action                   || total
-------------------------++-------
Melee: Unarmed           ||   100
       Punch             ||     3
  Use: Potion            ||     3
Armor: Leather armour    ||    27
Dodge: Dodged            ||    67

Table legend: (Time is in decaauts)
 A = Elapsed time spent in this place.
 B = Non-inter-level travel time spent in this place.
 C = Inter-level travel time spent in this place.
 D = Time resting spent in this place.
 E = Time spent auto-exploring this place.
 F = Levels seen in this place.
 G = Mean time per level.
                   A        B        C        D        E       F      G
               +--------+--------+--------+--------+--------+-----+--------+
         Total |   2087 |   2015 |     72 |     73 |   1754 |   3 |  695.7 |
       Dungeon |   2087 |   2015 |     72 |     73 |   1754 |   3 |  695.7 |
               +--------+--------+--------+--------+--------+-----+--------+

Top non-repeatable levels by time:
     D:1: 1298 daAuts
     D:2: 651 daAuts
     D:3: 137 daAuts
